[Event "Titled Tuesday Blitz May 23 Late 2023"]
[White "Pace, Christopher"]
[Black "Santos Flores, Alberto"]
[WhiteFideId "2610167"]
[BlackFideId "3601234"]
[WhiteElo "2281"]
[BlackElo "2235"]
[Result "0-1"]
[Round "07"]
[TimeControl "180+2"]
[Date "2023.05.23"]
[WhiteClock "0:00:00"]
[BlackClock "0:01:02"]

1. e4 e6 2. d4 d5 3. Nd2 c5 4. Ngf3 cxd4 5. Nxd4 Nf6 6. exd5 Nxd5 7. N2f3 Bb4+ 8. Bd2 Bxd2+ 9. Qxd2 O-O 10. Bd3 Nc6 11. Nxc6 bxc6 12. O-O h6 13. Rad1 Qb6 14. c4 Nf6 15. Ne5 c5 16. Bb1 Bb7 17. Qe3 Rfd8 18. b3 a5 19. h3 a4 20. Rd3 Rxd3 21. Bxd3 axb3 22. axb3 Rd8 23. Ra1 Ra8 24. Rxa8+ Bxa8 25. Bc2 Qd6 26. Nd3 Nd7 27. Qf4 Qxf4 28. Nxf4 Kf8 29. Ne2 Ke7 30. Nc3 Ne5 31. f3 Nc6 32. Kf2 Nd4 33. Bd1 Bc6 34. Ke3 e5 35. Ne4 Bxe4 36. Kxe4 Ke6 37. f4 f5+ 38. Ke3 e4 39. g4 g6 40. h4 Kf6 41. h5 gxh5 42. gxh5 Ke7 43. Kf2 Kd6 44. Ke3 Kc6 45. Kf2 Kb6 46. Ke3 Ka5 0-1


[Site "https://www.chess.com"]

[Event "Titled Tuesday Blitz May 23 Late 2023"]
[White "Hajiyev, Kanan"]
[Black "Harish, Neeraj"]
[WhiteFideId "13404148"]
[BlackFideId "30958130"]
[WhiteElo "2103"]
[BlackElo "1879"]
[Result "0-1"]
[Round "07"]
[TimeControl "180+2"]
[Date "2023.05.23"]
[WhiteClock "0:00:37"]
[BlackClock "0:00:16"]

1. d4 d5 2. c4 e6 3. cxd5 exd5 4. Nc3 Nf6 5. Bg5 Be7 6. Qc2 h6 7. Bh4 O-O 8. e3 c6 9. Bd3 Ne8 10. Bg3 Nd6 11. Nge2 Re8 12. O-O Bf8 13. Rfe1 a5 14. h3 Na6 15. a3 Bd7 16. Rac1 b5 17. Nf4 b4 18. Na4 bxa3 19. bxa3 Nb5 20. Bxb5 cxb5 21. Nc5 Nxc5 22. dxc5 Rc8 23. Nd3 Bf5 24. Qd2 d4 25. Ne5 Bxc5 26. e4 Be6 27. Qxa5 Qxa5 28. Nd3 Bc4 29. Nf4 Bxa3 30. Ra1 b4 31. f3 b3 32. Reb1 b2 33. Rxb2 Qc5 34. Rc2 d3+ 35. Bf2 Qe5 36. Rca2 Qxf4 37. Rxa3 d2 38. Rd1 Be2 39. Be3 Qg3 40. Rxd2 Rc1+ 41. Rd1 Rxd1# 0-1


[Site "https://www.chess.com"]

[Event "Titled Tuesday Blitz May 23 Late 2023"]
[White "Ward, Ieuan C"]
[Black "zsizsi99"]
[WhiteFideId "406627"]
[WhiteElo "2218"]
[BlackElo "2368"]
[Result "0-1"]
[Round "07"]
[TimeControl "180+2"]
[Date "2023.05.23"]
[WhiteClock "0:00:33"]
[BlackClock "0:01:55"]

1. d4 Nf6 2. c4 c5 3. d5 b5 4. cxb5 a6 5. bxa6 g6 6. Nc3 Bg7 7. Nf3 O-O 8. g3 d6 9. Bg2 Bxa6 10. O-O Nbd7 11. Rb1 Nb6 12. Qc2 Bc4 13. b4 cxb4 14. Rxb4 Bxd5 15. Nxd5 Nbxd5 16. Rb7 Qc8 17. Qxc8 Rfxc8 18. a3 Rcb8 19. Rxb8+ Rxb8 20. Nd4 Nc3 21. Bd2 Nfe4 22. Bxe4 Nxe4 23. Be3 Ra8 24. Rb1 Nc3 25. Rb7 Bxd4 0-1


[Site "https://www.chess.com"]

[Event "Titled Tuesday Blitz May 23 Late 2023"]
[White "Hartikainen, Jarmo"]
[Black "Ziatdinov, Raset"]
[WhiteFideId "503134"]
[BlackFideId "2015323"]
[WhiteElo "2082"]
[BlackElo "2220"]
[Result "1-0"]
[Round "07"]
[TimeControl "180+2"]
[Date "2023.05.23"]
[WhiteClock "0:00:11"]
[BlackClock "0:00:17"]

1. e4 e6 2. d4 d5 3. Nd2 c5 4. Ngf3 Nc6 5. exd5 Qxd5 6. Bc4 Qd8 7. dxc5 Bxc5 8. O-O Nf6 9. Nb3 Qxd1 10. Rxd1 Bb6 11. Nbd4 Nxd4 12. Nxd4 O-O 13. h3 Rd8 14. Be3 Nd5 15. Bxd5 Rxd5 16. c4 Rd8 17. Nf5 Bd7 18. Bxb6 axb6 19. Nd6 Bc6 20. Nb5 g6 21. a3 Kg7 22. f3 Kf6 23. Kf2 Bxb5 24. cxb5 Rac8 25. Rxd8 Rxd8 26. Ke3 Rd5 27. a4 Rc5 28. Rd1 Ke7 29. Rd2 f5 30. Kd3 Rd5+ 31. Kc3 Rxd2 32. Kxd2 Kd6 33. Kc3 e5 34. b4 Kd5 35. h4 h6 36. a5 bxa5 37. bxa5 Kc5 38. a6 Kb6 39. axb7 Kxb7 40. Kc4 Kb6 41. Kd5 e4 42. fxe4 fxe4 43. Kxe4 Kxb5 44. Ke5 Kc5 45. Kf6 g5 46. hxg5 hxg5 47. Kxg5 Kd6 48. g4 Ke7 49. Kg6 Kf8 50. Kf6 Kg8 51. g5 Kf8 52. g6 Kg8 53. g7 Kh7 54. Kf7 1-0


[Site "https://www.chess.com"]

[Event "Titled Tuesday Blitz May 23 Late 2023"]
[White "rikchessmx"]
[Black "Antonova, Nadezhda"]
[BlackFideId "14700182"]
[WhiteElo "2285"]
[BlackElo "1799"]
[Result "1-0"]
[Round "07"]
[TimeControl "180+2"]
[Date "2023.05.23"]
[WhiteClock "0:01:19"]
[BlackClock "0:01:09"]

1. e4 c5 2. Nf3 d6 3. d4 cxd4 4. Nxd4 Nf6 5. Nc3 a6 6. f4 e5 7. Nf3 Nbd7 8. Bd3 Be7 9. O-O O-O 10. Kh1 b5 11. a3 Bb7 12. fxe5 Nxe5 13. Nd4 Nxd3 14. cxd3 d5 15. e5 Nd7 16. Bf4 Nc5 17. Nf5 Ne6 18. Qg4 Bc5 19. Nxg7 Kh8 20. Nxe6 fxe6 21. Bg5 Be7 22. Bh6 Rg8 23. Qxe6 Rg6 24. Qh3 Qb6 25. Rf7 Rxh6 26. Qd7 d4 27. Qxe7 dxc3 28. Rf8+ Rxf8 29. Qxf8# 1-0


[Site "https://www.chess.com"]

[Event "Titled Tuesday Blitz May 23 Late 2023"]
[White "Sariego Figueredo, Wilfredo"]
[Black "Alimpic, Aleksa"]
[WhiteFideId "3500080"]
[BlackFideId "974323"]
[WhiteElo "2309"]
[BlackElo "2298"]
[Result "0-1"]
[Round "07"]
[TimeControl "180+2"]
[Date "2023.05.23"]
[WhiteClock "0:00:00"]
[BlackClock "0:00:48"]

1. d4 d5 2. Bf4 Nf6 3. e3 c5 4. c3 Qb6 5. Qc2 e6 6. Nd2 Be7 7. Ngf3 O-O 8. Bd3 Bd7 9. O-O Bb5 10. Bxb5 Qxb5 11. e4 dxe4 12. Nxe4 Nbd7 13. Bd6 Bxd6 14. Nxd6 Qb6 15. Nc4 Qc7 16. dxc5 Nxc5 17. Ne3 Rfd8 18. Rfd1 h6 19. Rxd8+ Rxd8 20. Rd1 a6 21. h3 Rxd1+ 22. Qxd1 Qd7 23. Qxd7 Nfxd7 24. b3 f5 25. Nd4 Kf7 26. f4 g5 27. fxg5 hxg5 28. Nc4 Kf6 29. Ne3 Ne4 30. c4 Ndc5 31. Ndc2 e5 32. Nd5+ Ke6 33. Nce3 f4 34. Ng4 Nd3 35. Kh2 Nc1 36. Nb4 a5 0-1


[Site "https://www.chess.com"]

[Event "Titled Tuesday Blitz May 23 Late 2023"]
[White "Brown, Raehanna"]
[Black "Matthew_Clarke"]
[WhiteFideId "7402740"]
[WhiteElo "1655"]
[BlackElo "2263"]
[Result "1-0"]
[Round "07"]
[TimeControl "180+2"]
[Date "2023.05.23"]
[WhiteClock "0:00:14"]
[BlackClock "0:00:16"]

1. c4 Nf6 2. Nc3 e5 3. Nf3 Nc6 4. g3 Bb4 5. Bg2 e4 6. Ng5 Bxc3 7. bxc3 d5 8. cxd5 Qxd5 9. d3 Qc5 10. Nxe4 Nxe4 11. Bxe4 Qxc3+ 12. Bd2 Qf6 13. O-O O-O 14. Rc1 Bd7 15. Bc3 Qd6 16. e3 f5 17. Bg2 Rfe8 18. Qh5 Ne7 19. Bxb7 Rab8 20. Bg2 Qxd3 21. Rfd1 Qb5 22. Qg5 Ng6 23. Bd5+ Kh8 24. Bf7 Bc6 25. Bxg6 hxg6 26. Qh6+ 1-0


[Site "https://www.chess.com"]

[Event "Titled Tuesday Blitz May 23 Late 2023"]
[White "Kev4444444444"]
[Black "Narva, Triin"]
[BlackFideId "4502680"]
[WhiteElo "2156"]
[BlackElo "1944"]
[Result "0-1"]
[Round "07"]
[TimeControl "180+2"]
[Date "2023.05.23"]
[WhiteClock "0:01:07"]
[BlackClock "0:00:15"]

1. Nf3 g6 2. g3 Bg7 3. Bg2 Nf6 4. O-O O-O 5. c4 d6 6. d4 Nbd7 7. Nc3 c5 8. d5 a6 9. e4 b5 10. cxb5 axb5 11. Re1 b4 12. Nb1 Bb7 13. Qc2 Ng4 14. Nbd2 Ba6 15. Rb1 Nge5 16. Nxe5 Nxe5 17. Bf1 Bxf1 18. Kxf1 Rxa2 19. f4 Nd7 20. Nc4 Nb6 21. Qb3 Ra6 22. Be3 Qc7 23. Rbd1 Rfa8 24. e5 Nxc4 25. Qxc4 Ra2 26. Re2 Qd7 27. e6 fxe6 28. dxe6 Qc6 29. Kg1 Rxb2 30. f5 Qf3 31. Rde1 Rxe2 32. Qxe2 Qxf5 33. Rf1 Qxe6 34. Qf3 Rf8 35. Qe2 Rxf1+ 36. Kxf1 Bd4 0-1


[Site "https://www.chess.com"]

[Event "Titled Tuesday Blitz May 23 Late 2023"]
[White "Florianovitz, Derlei Alex"]
[Black "Martinez, Ayelen"]
[WhiteFideId "2114178"]
[BlackFideId "118702"]
[WhiteElo "1953"]
[BlackElo "2125"]
[Result "0-1"]
[Round "07"]
[TimeControl "180+2"]
[Date "2023.05.23"]
[WhiteClock "0:00:04"]
[BlackClock "0:00:03"]

1. e4 c5 2. Nf3 d6 3. d4 cxd4 4. Nxd4 Nf6 5. Nc3 a6 6. h3 e5 7. Nde2 h5 8. Bg5 Be6 9. Bxf6 Qxf6 10. Nd5 Bxd5 11. Qxd5 Nd7 12. Nc3 Be7 13. Bc4 O-O 14. Bb3 Nc5 15. O-O Qh4 16. Rae1 Rac8 17. Qd2 Bg5 18. Qxd6 Bf4 19. Nd5 Rfd8 20. Qe7 Bg5 21. Qxe5 Ne6 22. f4 Rxd5 23. exd5 Bxf4 24. Qf5 Qg3 25. Rxf4 Nxf4 26. Qxc8+ Kh7 27. Qf5+ Kh6 28. Qe4 Nxh3+ 29. Kf1 Qf2# 0-1


[Site "https://www.chess.com"]

[Event "Titled Tuesday Blitz May 23 Late 2023"]
[White "Stead, Kerry"]
[Black "Clawitter, Craig"]
[WhiteFideId "3202577"]
[BlackFideId "2023105"]
[WhiteElo "1997"]
[BlackElo "2222"]
[Result "0-1"]
[Round "07"]
[TimeControl "180+2"]
[Date "2023.05.23"]
[WhiteClock "0:00:00"]
[BlackClock "0:01:39"]

1. d4 e6 2. e4 d5 3. Be3 dxe4 4. Nd2 Nf6 5. f3 Nd5 6. Qe2 Nxe3 7. Qxe3 exf3 8. Ngxf3 c5 9. dxc5 Qa5 10. Bd3 Nc6 11. c3 Qxc5 12. Qxc5 Bxc5 13. Ne4 Be7 14. O-O-O f5 15. Ned2 e5 16. Bc4 e4 17. Nd4 Nxd4 18. cxd4 Bd7 19. Kb1 O-O-O 0-1


[Site "https://www.chess.com"]

[Event "Titled Tuesday Blitz May 23 Late 2023"]
[White "Almedina Ortiz, Edgardo J."]
[Black "Levitan, Ronit"]
[WhiteFideId "3100197"]
[BlackFideId "2815109"]
[WhiteElo "2217"]
[BlackElo "1930"]
[Result "1-0"]
[Round "07"]
[TimeControl "180+2"]
[Date "2023.05.23"]
[WhiteClock "0:02:57"]
[BlackClock "0:02:43"]

1. d4 Nf6 2. c4 e6 3. Nc3 Bb4 4. Qc2 d5 5. cxd5 exd5 6. Bg5 h6 7. Bxf6 Qxf6 8. a3 Bxc3+ 9. Qxc3 c6 10. e3 O-O 11. Nf3 Bg4 12. Ne5 Nd7 13. Nxg4 1-0


[Site "https://www.chess.com"]

[Event "Titled Tuesday Blitz May 23 Late 2023"]
[White "Liu, Kelsey"]
[Black "Burke, Paul"]
[WhiteFideId "30944481"]
[BlackFideId "2605767"]
[WhiteElo "2209"]
[BlackElo "1886"]
[Result "1-0"]
[Round "07"]
[TimeControl "180+2"]
[Date "2023.05.23"]
[WhiteClock "0:00:04"]
[BlackClock "0:00:23"]

1. d4 a6 2. Nf3 d6 3. Bf4 g6 4. e3 Bg7 5. Bd3 Nd7 6. Nbd2 h6 7. h4 e5 8. Bg3 Ne7 9. c3 O-O 10. h5 g5 11. Qb3 b6 12. O-O-O Bb7 13. Nh2 Kh8 14. f4 f6 15. dxe5 dxe5 16. fxg5 fxg5 17. Bb1 Nf5 18. Qc2 Qe7 19. Rhf1 e4 20. Bf2 Rae8 21. Ng4 Nc5 22. Nc4 Nd3+ 23. Rxd3 exd3 24. Qxd3 Rd8 25. Qc2 Bxg2 26. Rg1 Bf3 27. e4 Nd6 28. Nce5 Bxe5 29. Nxe5 Qxe5 30. Bd4 Rde8 31. Bxe5+ Rxe5 32. Qh2 Rfe8 33. Rf1 g4 34. Qf4 Kg7 35. Rg1 R5e7 36. Qxf3 1-0


[Site "https://www.chess.com"]

[Event "Titled Tuesday Blitz May 23 Late 2023"]
[White "Kovacevic, Radmila"]
[Black "Prado, Alexandra"]
[WhiteFideId "933171"]
[BlackFideId "3301346"]
[WhiteElo "2194"]
[BlackElo "1759"]
[Result "1-0"]
[Round "07"]
[TimeControl "180+2"]
[Date "2023.05.23"]
[WhiteClock "0:00:23"]
[BlackClock "0:00:01"]

1. e4 c5 2. d4 cxd4 3. c3 dxc3 4. Bc4 g6 5. Qd4 Nf6 6. e5 Nc6 7. Qxc3 Ng4 8. Bxf7+ Kxf7 9. Qf3+ Kg8 10. Qxg4 Nxe5 11. Qe4 Bg7 12. Nc3 d6 13. Qd5+ e6 14. Qd1 d5 15. Nf3 Kf7 16. Ng5+ Kg8 17. f4 Nf7 18. O-O h6 19. Nf3 Bd7 20. Be3 Kh7 21. Bd4 a6 22. Ne5 Nxe5 23. fxe5 Qe7 24. Ne2 Rhf8 25. Qd2 Bb5 26. Rxf8 Rxf8 27. Nc3 Bc4 28. b3 Bxb3 29. axb3 Qb4 30. Ne4 Qxb3 31. Nf6+ Bxf6 32. exf6 Qc4 33. Rf1 Rf7 34. Qf4 b5 35. Be3 Qxf4 36. Rxf4 e5 37. Rh4 d4 38. Rxh6+ Kg8 39. Rxg6+ Kf8 40. Bh6+ Ke8 41. Bg7 d3 42. Rg5 d2 43. Rxe5+ Kd8 44. Rd5+ Rd7 45. Rxd2 Rxd2 46. f7 Ke7 47. f8=Q+ Ke6 48. Qf6+ 1-0


[Site "https://www.chess.com"]

[Event "Titled Tuesday Blitz May 23 Late 2023"]
[White "Stork, Oliver"]
[Black "Vargas, Mauricio"]
[WhiteFideId "12955728"]
[BlackFideId "4404572"]
[WhiteElo "2239"]
[BlackElo "1986"]
[Result "1-0"]
[Round "07"]
[TimeControl "180+2"]
[Date "2023.05.23"]
[WhiteClock "0:01:15"]
[BlackClock "0:00:00"]

1. e4 d5 2. exd5 Qxd5 3. Nc3 Qa5 4. d4 c6 5. Bd3 Nf6 6. Nf3 Bg4 7. h3 Bh5 8. Be3 e6 9. Qd2 Bd6 10. O-O-O Nbd7 11. Rde1 O-O 12. g4 Bg6 13. Bxg6 hxg6 14. Reg1 Nb6 15. h4 Nc4 16. Qd3 Nxe3 17. fxe3 Nd5 18. Nxd5 cxd5 19. h5 Qxa2 20. Ng5 Qa1+ 21. Kd2 Bb4+ 22. Ke2 Qa6 23. Qxa6 bxa6 24. hxg6 fxg6 25. Rh3 Be7 26. Nxe6 Rf6 27. Rgh1 Rxe6 28. Rh8+ Kf7 29. Rxa8 Bg5 30. Rf1+ Ke7 31. Rxa7+ Ke8 32. Rf3 Bf6 33. Kd3 Rb6 34. Rh3 Be7 35. b3 Kf7 36. Rf3+ Ke8 37. Rh3 Kf7 38. Rh8 a5 39. Rc8 1-0


[Site "https://www.chess.com"]

[Event "Titled Tuesday Blitz May 23 Late 2023"]
[White "Quirke, Jeffrey"]
[Black "Howell, David W L"]
[WhiteFideId "2013029"]
[BlackFideId "410608"]
[WhiteElo "2203"]
[BlackElo "2567"]
[Result "0-1"]
[Round "07"]
[TimeControl "180+2"]
[Date "2023.05.23"]
[WhiteClock "0:00:00"]
[BlackClock "0:00:51"]

1. e4 c5 2. Nc3 Nc6 3. f4 g6 4. Nf3 Bg7 5. a4 e6 6. e5 d6 7. Bb5 Ne7 8. Ne4 dxe5 9. fxe5 O-O 10. Nf6+ Kh8 11. d4 cxd4 12. Bg5 Qc7 13. Qe2 Nd5 14. O-O h6 15. Nxd5 exd5 16. Bf6 Bg4 17. Qd2 Kh7 18. Bxg7 Kxg7 19. Bxc6 bxc6 20. Qxd4 Qb6 21. a5 Qxd4+ 22. Nxd4 c5 23. Nc6 Be6 24. b4 cxb4 25. Nxb4 Rfc8 26. Rf2 Rc4 27. Nd3 g5 28. h3 Rac8 29. Ra2 d4 30. Rb2 R8c7 31. a6 Bd5 32. Rd2 Be4 33. Nf2 Bxc2 0-1


[Site "https://www.chess.com"]

[Event "Titled Tuesday Blitz May 23 Late 2023"]
[White "wang5ter"]
[Black "Jimenez Martinez, Jose Vicente"]
[BlackFideId "2264021"]
[WhiteElo "2309"]
[BlackElo "2231"]
[Result "0-1"]
[Round "07"]
[TimeControl "180+2"]
[Date "2023.05.23"]
[WhiteClock "0:00:25"]
[BlackClock "0:00:35"]

1. d4 d6 2. e4 g6 3. Nc3 Bg7 4. Nf3 Nf6 5. Be2 O-O 6. O-O Bg4 7. h3 Bxf3 8. Bxf3 Nbd7 9. Be3 e5 10. dxe5 Nxe5 11. Be2 Re8 12. f4 Nc6 13. Bf3 a6 14. Qd2 Rb8 15. Rad1 Na5 16. b3 Nc6 17. Rfe1 Nd7 18. e5 Nf8 19. exd6 cxd6 20. Nd5 Nd7 21. f5 Nce5 22. Be2 gxf5 23. Rf1 Nc6 24. Rxf5 Ne7 25. Bg5 f6 26. Nxf6+ Nxf6 27. Bxf6 Qb6+ 28. Kh1 Nxf5 29. Qd5+ Kh8 30. Qxf5 Qc7 31. Bd3 Bxf6 32. Qxf6+ Qg7 33. Qxd6 Rbd8 34. Qf4 Rf8 35. Qh4 Rd4 36. Qh5 Rdf4 37. Re1 Rf2 38. Be4 Rf1+ 39. Rxf1 Rxf1+ 40. Kh2 Qc7+ 41. g3 Rf2+ 42. Kg1 Qxg3+ 0-1


[Site "https://www.chess.com"]

[Event "Titled Tuesday Blitz May 23 Late 2023"]
[White "Castillo Pena, Patricia Evarista"]
[Black "Roman, Rodrigo"]
[WhiteFideId "6412106"]
[BlackFideId "3701220"]
[WhiteElo "1919"]
[BlackElo "1995"]
[Result "0-1"]
[Round "07"]
[TimeControl "180+2"]
[Date "2023.05.23"]
[WhiteClock "0:00:00"]
[BlackClock "0:00:27"]

1. d4 Nf6 2. Nf3 e6 3. e3 b6 4. Bd3 Bb7 5. O-O d5 6. b3 Nbd7 7. Bb2 Ne4 8. Nbd2 f5 9. c4 Bd6 10. Ne5 Nxd2 11. Qxd2 dxc4 12. Bxc4 Qg5 13. f4 Qe7 14. d5 Bxe5 15. fxe5 Nc5 16. dxe6 Rd8 17. Qe2 g6 18. Rfd1 Nxe6 19. Rxd8+ Nxd8 20. e6 Rf8 21. Rd1 Nxe6 22. Qd2 Kf7 23. Qd7 Qxd7 0-1


[Site "https://www.chess.com"]

[Event "Titled Tuesday Blitz May 23 Late 2023"]
[White "Bortnyk, Olexandr"]
[Black "Rasulov, Vugar"]
[WhiteFideId "14120828"]
[BlackFideId "13402390"]
[WhiteElo "2734"]
[BlackElo "2509"]
[Result "0-1"]
[Round "08"]
[TimeControl "180+2"]
[Date "2023.05.23"]
[WhiteClock "0:00:00"]
[BlackClock "0:00:06"]

1. d4 Nf6 2. Nc3 e6 3. Bf4 Bb4 4. e3 c5 5. Bd3 Nd5 6. Ne2 cxd4 7. exd4 Nxf4 8. Nxf4 d5 9. O-O Nc6 10. Nce2 Bd6 11. c3 Qc7 12. g3 O-O 13. Qc2 h6 14. Ng2 e5 15. dxe5 Nxe5 16. Bh7+ Kh8 17. Bf5 Bc5 18. Rad1 Qc6 19. Nef4 Be6 20. Bxe6 fxe6 21. Qe2 Bd6 22. Qh5 Qe8 23. Qxe8 Raxe8 24. Ne3 Nf3+ 25. Kg2 Nh4+ 26. Kh3 Bxf4 27. Kxh4 Bxe3 28. fxe3 Kh7 29. Kg4 Kg6 30. h4 h5+ 31. Kh3 Rf5 32. Rf4 Kf6 33. Kg2 g6 34. Rb4 b6 35. e4 dxe4 36. Rxe4 Re7 37. Rd8 Ra5 38. a4 b5 39. axb5 Rxb5 40. b4 a5 41. Rf8+ Kg7 42. Rc8 axb4 43. cxb4 Kf6 44. Rc6 Kf5 45. Kf3 Kf6 46. Ke3 Kf7 47. Kd3 Rd5+ 48. Kc4 Rd1 49. Kb5 e5 50. Rc5 Kf6 51. g4 hxg4 52. Rxg4 Rd4 53. Rc6+ Kf5 54. Rg5+ Ke4 55. Rcxg6 Rb7+ 56. Kc6 Rbxb4 57. Rg4+ Kd3 58. Rxd4+ exd4 59. h5 Kc2 60. Rg2+ Kc3 61. Rh2 d3 62. h6 d2 63. Rh1 Rc4+ 64. Kb5 Rc8 65. h7 Rh8 66. Kc5 Kc2 67. Rh2 Kc1 0-1


[Site "https://www.chess.com"]

[Event "Titled Tuesday Blitz May 23 Late 2023"]
[White "Bachmann, Axel"]
[Black "Carlsen, Magnus"]
[WhiteFideId "3700488"]
[BlackFideId "1503014"]
[WhiteElo "2605"]
[BlackElo "2852"]
[Result "0-1"]
[Round "08"]
[TimeControl "180+2"]
[Date "2023.05.23"]
[WhiteClock "0:00:00"]
[BlackClock "0:00:57"]

1. Nf3 d5 2. e3 Bg4 3. c4 dxc4 4. Bxc4 e6 5. h3 Bh5 6. Nc3 a6 7. g4 Bg6 8. Ne5 Nd7 9. Nxg6 hxg6 10. d4 Ngf6 11. Qf3 c6 12. Bd2 b5 13. Bb3 c5 14. g5 Nh5 15. h4 Be7 16. O-O-O O-O 17. Kb1 c4 18. Bc2 b4 19. Ne4 Nb6 20. Ng3 c3 21. Bc1 cxb2 22. Bxb2 Rc8 23. Nxh5 gxh5 24. Qxh5 Rxc2 25. Kxc2 Qd5 26. Kb1 b3 27. Rc1 Qf5+ 28. Ka1 Qa5 29. a3 Bxa3 30. Kb1 Bxb2 31. Kxb2 Qd2+ 32. Kxb3 Nd5 0-1


[Site "https://www.chess.com"]

[Event "Titled Tuesday Blitz May 23 Late 2023"]
[White "Nakamura, Hikaru"]
[Black "Sjugirov, Sanan"]
[WhiteFideId "2016192"]
[BlackFideId "4189302"]
[WhiteElo "2885"]
[BlackElo "2569"]
[Result "1-0"]
[Round "08"]
[TimeControl "180+2"]
[Date "2023.05.23"]
[WhiteClock "0:00:43"]
[BlackClock "0:00:02"]

1. e4 c5 2. c3 d5 3. exd5 Qxd5 4. Na3 Nf6 5. d4 e6 6. Nf3 cxd4 7. Nb5 Qd7 8. Qxd4 Na6 9. Qa4 Qc6 10. Nd6+ Bxd6 11. Bb5 Bd7 12. Bxc6 Bxc6 13. Qh4 Nc5 14. O-O Nce4 15. Nd4 Bd7 16. Rd1 Be7 17. f3 Nc5 18. Nb3 Nd5 19. Bg5 f6 20. Rxd5 exd5 21. Be3 Nxb3 22. axb3 O-O 23. Qd4 Bc6 24. Rxa7 Rae8 25. Qd3 f5 26. b4 f4 27. Bf2 Bf6 28. b5 Bd7 29. Rxb7 Be6 30. b6 Ra8 31. Ra7 1-0


[Site "https://www.chess.com"]

[Event "Titled Tuesday Blitz May 23 Late 2023"]
[White "Nihal Sarin"]
[Black "Zakhartsov, Vladimir"]
[WhiteFideId "25092340"]
[BlackFideId "4145097"]
[WhiteElo "2689"]
[BlackElo "2495"]
[Result "1-0"]
[Round "08"]
[TimeControl "180+2"]
[Date "2023.05.23"]
[WhiteClock "0:00:04"]
[BlackClock "0:00:00"]

1. e4 c5 2. Nc3 d6 3. Nf3 Nf6 4. e5 dxe5 5. Nxe5 e6 6. g3 Nbd7 7. Nc4 Nb6 8. Ne3 Nbd5 9. Bg2 Nxe3 10. fxe3 h5 11. b3 h4 12. Bb2 Bd6 13. Qf3 Bd7 14. Qxb7 Rb8 15. Qf3 Qc7 16. gxh4 Rxh4 17. O-O-O c4 18. Qf2 Rh5 19. Bf3 Ra5 20. Rhg1 cxb3 21. axb3 g6 22. Qh4 Nh5 23. Kb1 Be7 24. Qf2 Bc6 25. Rdf1 Bxf3 26. Qxf3 Rf5 27. Qe2 Rxf1+ 28. Rxf1 Qc6 29. e4 a5 30. Qf2 f5 31. exf5 exf5 32. Re1 Kf7 33. Qa7 Rb7 34. Qxa5 Nf6 35. Qa8 Rc7 36. Qh8 Qg2 37. Nb5 Rd7 38. Rxe7+ Rxe7 39. Qxf6+ Ke8 40. Ba3 Re1+ 41. Kb2 Qxd2 42. Qc6+ Kf7 43. Nd6+ Kg7 44. Qc3+ Qxc3+ 45. Kxc3 f4 46. Bc5 f3 47. b4 Re2 48. Kd3 Rxh2 49. Ne4 Kf7 50. Ng5+ Ke8 51. Nxf3 Rh3 52. Ke4 Kd7 53. c4 Rh1 54. b5 Rc1 55. Bd4 1-0


[Site "https://www.chess.com"]

[Event "Titled Tuesday Blitz May 23 Late 2023"]
[White "Kramnik, Vladimir"]
[Black "Caruana, Fabiano"]
[WhiteFideId "4101588"]
[BlackFideId "2020009"]
[WhiteElo "2703"]
[BlackElo "2837"]
[Result "0-1"]
[Round "08"]
[TimeControl "180+2"]
[Date "2023.05.23"]
[WhiteClock "0:00:00"]
[BlackClock "0:00:09"]

1. e4 e5 2. Nf3 Nc6 3. Bc4 Nf6 4. d3 Bc5 5. Nc3 a6 6. Be3 d6 7. Bxc5 dxc5 8. Nd5 O-O 9. Ne3 Qd6 10. a4 Nd4 11. c3 Nxf3+ 12. Qxf3 b6 13. g4 Be6 14. g5 Nd7 15. Nf5 Bxf5 16. exf5 e4 17. dxe4 Ne5 18. Qe2 Nxc4 19. Qxc4 Qf4 20. Qe2 Qxg5 21. h4 Qf4 22. Rh3 Rfe8 23. Re3 Qxh4 24. O-O-O Rad8 25. Rg1 b5 26. axb5 axb5 27. Kb1 b4 28. cxb4 cxb4 29. e5 b3 30. Rxb3 Qf4 31. f6 g6 32. Re3 Qf5+ 33. Kc1 Ra8 34. Kd2 Red8+ 35. Kc3 Qd7 36. Rg4 Qd5 37. Rd3 Qa5+ 38. Kc2 Rxd3 39. Qxd3 Qxe5 40. Qe4 Qc5+ 41. Kb1 Rd8 42. Qe2 Qf5+ 43. Re4 Qxf6 0-1


[Site "https://www.chess.com"]

[Event "Titled Tuesday Blitz May 23 Late 2023"]
[White "Babazada, Khazar"]
[Black "Duda, Jan-Krzysztof"]
[WhiteFideId "13413554"]
[BlackFideId "1170546"]
[WhiteElo "2351"]
[BlackElo "2790"]
[Result "1-0"]
[Round "08"]
[TimeControl "180+2"]
[Date "2023.05.23"]
[WhiteClock "0:00:16"]
[BlackClock "0:00:00"]

1. e4 c5 2. Nf3 d6 3. d4 cxd4 4. Nxd4 Nf6 5. Nc3 a6 6. Be2 e5 7. Nb3 Be7 8. g4 h6 9. h4 Be6 10. Be3 Nbd7 11. Rf1 Nh7 12. Rh1 Bxh4 13. Qxd6 Be7 14. Qd3 Ndf6 15. Qxd8+ Rxd8 16. f3 O-O 17. Kf2 Ng5 18. Rad1 Rc8 19. Bd3 Nxf3 20. Kxf3 Bxg4+ 21. Kg3 Bxd1 22. Rxd1 Rfd8 23. Nd5 Nxd5 24. exd5 Rxd5 25. Bh7+ Kxh7 26. Rxd5 Rxc2 27. Rd7 Bf6 28. Rxf7 Rxb2 29. Rxb7 Rxa2 30. Nc5 Ra3 31. Kf2 Kg6 32. Ne4 a5 33. Rb6 a4 34. Ra6 h5 35. Bc5 Ra2+ 36. Kf3 Ra1 37. Bd6 Kf7 38. Bc5 Rf1+ 39. Ke2 Rf4 40. Rxa4 Kg6 41. Be3 Rg4 42. Kf3 Rh4 43. Ra6 Rh3+ 44. Ke2 Kf5 45. Nd6+ Kg4 46. Ra4+ Kg3 47. Bf2+ Kg2 48. Nf5 Rb3 49. Ne3+ Kh3 50. Nd5 Rb2+ 51. Kf3 Rb3+ 52. Ke4 Rb2 53. Ra3+ Kg2 54. Bc5 Re2+ 55. Ne3+ Kg3 56. Ra1 h4 57. Rg1+ Kh2 58. Rg6 h3 59. Kf3 Re1 60. Ng4+ Kh1 61. Nf2+ Kh2 62. Rg3 e4+ 63. Nxe4 Be5 64. Rg5 Bc7 65. Rh5 Rf1+ 66. Nf2 Rxf2+ 67. Bxf2 g6 68. Rh7 Be5 69. Be3 1-0


[Site "https://www.chess.com"]

[Event "Titled Tuesday Blitz May 23 Late 2023"]
[White "Moroni, Luca Jr"]
[Black "Bluebaum, Matthias"]
[WhiteFideId "865834"]
[BlackFideId "24651516"]
[WhiteElo "2569"]
[BlackElo "2639"]
[Result "0-1"]
[Round "08"]
[TimeControl "180+2"]
[Date "2023.05.23"]
[WhiteClock "0:00:58"]
[BlackClock "0:01:19"]

1. d4 d5 2. Nf3 e6 3. Bf4 c5 4. e3 Nc6 5. c3 Bd6 6. Bg3 Nge7 7. Nbd2 O-O 8. Bd3 cxd4 9. exd4 f6 10. c4 dxc4 11. Bxc4 Bxg3 12. hxg3 Nxd4 13. Nxd4 Qxd4 14. Qe2 Nc6 15. Nf3 Qd6 16. O-O Kh8 17. Rad1 Qe7 18. Rfe1 e5 19. Nh4 Be6 20. Bd3 f5 21. Qh5 Qf6 22. g4 Bf7 23. Qxf5 Qxh4 24. g3 Qh3 25. Qd7 Rad8 26. Qxb7 Bd5 0-1


[Site "https://www.chess.com"]

[Event "Titled Tuesday Blitz May 23 Late 2023"]
[White "Martinez Alcantara, Jose Eduardo"]
[Black "Mekhitarian, Krikor Sevag"]
[WhiteFideId "3805662"]
[BlackFideId "2107660"]
[WhiteElo "2711"]
[BlackElo "2604"]
[Result "1-0"]
[Round "08"]
[TimeControl "180+2"]
[Date "2023.05.23"]
[WhiteClock "0:00:18"]
[BlackClock "0:00:03"]

1. e4 e6 2. d4 d5 3. Nd2 c5 4. Ngf3 cxd4 5. Nxd4 Nf6 6. exd5 Nxd5 7. c3 Be7 8. N2f3 O-O 9. Bd3 Nc6 10. Nxc6 bxc6 11. O-O Qc7 12. Qe2 Nf4 13. Bxf4 Qxf4 14. Be4 Qc7 15. Rad1 Bf6 16. Rd2 Bb7 17. Rfd1 Rad8 18. Qe3 Qb6 19. g3 Qxe3 20. fxe3 Rxd2 21. Rxd2 Rd8 22. Rxd8+ Bxd8 23. Nd4 Bb6 24. Kf2 Bxd4 25. exd4 Kf8 26. b4 Ke7 27. Ke3 h6 28. b5 Kd6 29. a4 Kc7 30. c4 cxb5 31. Bxb7 Kxb7 32. axb5 a6 33. Ke4 axb5 34. cxb5 Kb6 35. d5 exd5+ 36. Kxd5 Kxb5 37. Kd6 Kc4 38. Ke7 f5 39. Ke6 Kd4 40. Kxf5 Ke3 41. Kg6 Kf3 42. Kxg7 Kg2 43. Kxh6 1-0


[Site "https://www.chess.com"]